 Dungeon Crawl Stone Soup version 0.21.1-1-g345015f (webtiles) character file.

3420 prawnwizard the Cleaver (level 9, -15/121 HPs)
             Began as a Minotaur Berserker on July 3, 2018.
             Was an Elder of Trog.
             Demolished by a sun demon (24 damage)
             ... summoned by a kobold demonologist
             ... on level 8 of the Dungeon.
             The game lasted 00:08:41 (7031 turns).

prawnwizard the Cleaver (Minotaur Berserker)        Turns: 7031, Time: 00:08:42

Health: -15/121    AC: 10    Str: 30    XL:     9   Next: 76%
Magic:  8/8        EV: 10    Int:  4    God:    Trog [****..]
Gold:   391        SH: 10    Dex: 14    Spells: 8/8 levels left

rFire    . . .     SeeInvis .   C - +2 mace (drain)
rCold    . . .     Gourm    +   s - +1 shield
rNeg     . . .     Faith    .   z - +0 chain mail
rPois    .         Spirit   .   (helmet restricted)
rElec    .         Reflect  .   (no cloak)
rCorr    +         Harm     .   (no gloves)
MR       ++...                  (no boots)
Stlth    ..........             l - amulet of the gourmand
HPRegen  1.30/turn              r - +4 ring of dexterity
MPRegen  0.11/turn              u - ring of resist corrosion

@: berserking, lethally poisoned (-15 -> -15), regenerating, very quick
A: retaliatory headbutt, horns 2
a: Berserk, Trog's Hand, Brothers in Arms, Burn Spellbooks, Renounce Religion


You were on level 8 of the Dungeon.
You worshipped Trog.
Trog was greatly pleased with you.
You were very full.

You visited 1 branch of the dungeon, and saw 8 of its levels.

You collected 391 gold pieces.

Inventory:

Hand Weapons
 C - a +2 mace of draining (weapon)
Armour
 s - a +1 shield (worn)
 z - a +0 chain mail (worn)
Jewellery
 f - an uncursed ring of flight
 l - an amulet of the gourmand (around neck)
 r - a +4 ring of dexterity (left hand)
 u - a ring of resist corrosion (right hand)
Wands
 v - a wand of flame (7)
Scrolls
 b - 3 scrolls of enchant weapon {unknown}
 h - a scroll of fear {unknown}
 k - a scroll of remove curse
 n - 3 scrolls of teleportation
 o - 16 scrolls of identify
 q - 2 scrolls of magic mapping
 y - 2 scrolls of amnesia {unknown}
Potions
 d - a potion of invisibility {unknown}
 e - a potion of ambrosia {unknown}
 g - 3 potions of flight {unknown}
 i - a potion of resistance {unknown}
 m - 7 potions of curing
 p - 4 potions of berserk rage
 t - a potion of agility {unknown}
 w - 6 potions of heal wounds {unknown}
 x - 3 potions of brilliance {unknown}
 A - a potion of mutation {unknown}
Books
 B - a book of Maledictions

   Spells                             Type                      Level
   a - Corona                         Hexes                        1
   b - Ensorcelled Hibernation        Hexes/Ice                    2
   c - Confuse                        Hexes                        3
   d - Tukima's Dance                 Hexes                        3
   e - Dazzling Spray                 Conjuration/Hexes            3
   Trog disapproves of the use of such an item.
Comestibles
 a - 10 chunks of flesh
 c - 15 rations


   Skills:
 + Level 8.2 Fighting
   Level 11.7 Axes
 + Level 6.6 Armour
 + Level 6.9 Dodging
 - Level 1.0 Stealth
 - Level 1.0 Shields


You had 8 spell levels left.
You didn't know any spells.

Dungeon Overview and Level Annotations

Branches:
Dungeon (8/15)             Temple (0/1) D:7
   Lair: D:8-11

Altars:
Ashenzari

Shops:
D:7 !!!


Innate Abilities, Weirdness & Mutations

You reflexively headbutt those who attack you in melee.
You have a pair of horns on your head.


Message History

* * * LOW HITPOINT WARNING * * *
The kobold barely misses you.
A red film seems to cover your vision as you go berserk!
You feel yourself moving faster!
You feel mighty!
You feel a lot less full.
You feel sick.
The sun demon hits you but does no damage.
You block the kobold demonologist's attack.
The kobold misses you. You furiously retaliate!
You headbutt the kobold.
You kill the kobold!
Trog accepts your kill.
You hit the kobold demonologist but do no damage.
The kobold demonologist is heavily wounded.
The sun demon closely misses you. You furiously retaliate!
You headbutt the sun demon, but do no damage.
You block the kobold demonologist's attack.
Your shield prevents you from hitting the kobold demonologist.
Your headbutt misses the kobold demonologist.
The kobold demonologist is heavily wounded.
You block the kobold's attack. The sun demon hits you!!
You die...

### ..# #.# ####
#.# #.
.....##.######.
...
.......KK5K.KK.
#.# ######@# #.#
#....3.# . #.#
#......# # #.#
#......#
###.############.#
..........).)###.#
....#####.#))....#
..#.....#.#..)...#
#.#.##.##.#......#


You could see a sun demon, 2 kobold demonologists, a quasit and 3 kobolds.

Vanquished Creatures
  The ghost of Homage the Transmogrifier, a novice MfTm of Uskayaw (D:7)
  Pikel (D:5)
  Sigmund (D:3)
  A spriggan (D:7)
  The ghost of maximusg the Chopper, an amateur MiBe of Trog (D:4)
  2 orc warriors
  A sky beast (D:5)
  2 slaves (D:5)
  3 ogres
  5 bullfrogs
  A scorpion (D:5)
  4 killer bees (D:7)
  2 howler monkeys (D:7)
  6 crimson imps
  3 hounds
  2 orc wizards
  2 bullfrog skeletons
  An orc priest (D:8)
  A jelly (D:5)
  A centaur skeleton (D:5)
  Jessica (D:2)
  An iguana (D:5)
  3 worker ants
  A hound skeleton (D:5)
  A worker ant zombie (D:5)
  Robin (D:3)
  9 adders
  4 gnolls (D:3)
  4 worms
  5 leopard geckos
  13 orcs
  4 giant cockroaches
  8 goblins
  11 hobgoblins
  10 jackals
  7 kobolds
  3 quokkas
  A ball python (D:2)
  9 bats
  8 frilled lizards
  A leopard gecko skeleton (D:5)
  4 rats
150 creatures vanquished.

Vanquished Creatures (others)
  A worker ant (D:5)
1 creature vanquished.

Grand Total: 151 creatures vanquished

Notes
Turn   | Place    | Note
-------+----------+-------------------------------------------
     0 | D:1      | prawnwizard the Minotaur Berserker began the quest for the Orb.
     0 | D:1      | Reached XP level 1. HP: 19/19 MP: 0/0
    95 | D:1      | Reached XP level 2. HP: 19/27 MP: 1/1
    96 | D:1      | Reached skill level 4 in Axes
   782 | D:2      | Reached ** piety under Trog
   821 | D:2      | Reached XP level 3. HP: 17/33 MP: 2/2
  1416 | D:2      | Noticed Jessica
  1421 | D:2      | Killed Jessica
  1421 | D:2      | Reached skill level 5 in Axes
  1421 | D:2      | Reached XP level 4. HP: 32/40 MP: 3/3
  1595 | D:3      | Noticed Robin
  2035 | D:3      | Killed Robin
  2181 | D:3      | Noticed Sigmund
  2184 | D:3      | Reached XP level 5. HP: 38/47 MP: 4/4
  2189 | D:3      | Killed Sigmund
  2189 | D:3      | Reached skill level 7 in Axes
  2189 | D:3      | Reached XP level 6. HP: 42/53 MP: 5/5
  2972 | D:4      | Noticed maximusg's ghost (amateur MiBe)
  2983 | D:4      | Killed maximusg's ghost
  2983 | D:4      | Reached skill level 5 in Fighting
  3179 | D:4      | Reached skill level 1 in Stealth
  3555 | D:4      | Reached XP level 7. HP: 59/61 MP: 6/6
  3949 | D:4      | You fall through a shaft for 2 floors!
  3959 | D:6      | Reached skill level 8 in Axes
  4005 | D:6      | Reached *** piety under Trog
  4087 | D:6      | Reached skill level 9 in Axes
  4119 | D:6      | Reached skill level 1 in Shields
  4410 | D:6      | Reached XP level 8. HP: 70/70 MP: 7/7
  4624 | D:6      | You fall through a shaft!
  4995 | D:7      | Found Zeni's Distillery.
  5067 | D:7      | Found a staircase to the Ecumenical Temple.
  5101 | D:7      | Noticed Homage's ghost (novice MfTm)
  5118 | D:7      | Killed Homage's ghost
  5118 | D:7      | Reached skill level 10 in Axes
  5118 | D:7      | Reached skill level 5 in Armour
  5118 | D:7      | Reached skill level 5 in Dodging
  5157 | D:7      | Found Teituwaj's Distillery.
  5261 | D:7      | Found Cimmubb's Distillery.
  5307 | D:7      | Found a shattered altar of Ashenzari.
  5458 | D:7      | Reached XP level 9. HP: 55/78 MP: 8/8
  6036 | D:5      | Entered Level 5 of the Dungeon
  6038 | D:5      | Noticed Pikel
  6058 | D:5      | Killed Pikel
  6058 | D:5      | Reached skill level 11 in Axes
  6175 | D:5      | Reached **** piety under Trog
  7018 | D:8      | Noticed a kobold demonologist
  7023 | D:8      | Noticed a kobold demonologist
  7025 | D:8      | Noticed a sun demon
  7028 | D:8      | HP: 4/81 [sun demon[a kobold demonologist] (13)]
  7031 | D:8      | Demolished by a sun demon

Skill      XL: |  1  2  3  4  5  6  7  8  9 |
---------------+----------------------------+-----
Axes           | 4 5 7 9 10 11 | 11.7
Fighting       | 4 5 6 8 |  8.2
Dodging        | 3 4 5 6 |  6.9
Stealth        | 1 |  1.0
Armour         | 3 5 6 |  6.6
Shields        | 1 |  1.0

Action                   |  1- 3 |  4- 6 |  7- 9 || total
-------------------------+-------+-------+-------++-------
Melee: Hand axe          |    62 |    66 |   240 ||   368
       Headbutt          |     8 |    16 |    64 ||    88
       Mace              |       |       |    29 ||    29
Invok: Berserk           |       |     4 |     4 ||     8
       Trog's Hand       |       |       |     1 ||     1
  Use: Scroll            |       |     9 |       ||     9
  Eat: Chunk             |    14 |    10 |    14 ||    38
Armor: Animal skin       |     7 |     6 |       ||    13
       Leather armour    |       |     3 |       ||     3
       Ring mail         |       |       |     7 ||     7
       Chain mail        |       |       |    83 ||    83
Dodge: Dodged            |    46 |    50 |    73 ||   169
Block: Shield            |       |     9 |   133 ||   142
